 Dungeon Crawl Stone Soup version 0.28.0 (webtiles) character file.

Game seed: 11781523424921559008

25046 issech the Basher (level 12, -9/106 HPs)
             Began as a Troll Monk on Feb 14, 2022.
             Was an Elder of Hepliaklqana.
             Mangled by a sixfirhy (10 damage)
             ... summoned by an orc high priest
             ... on level 2 of the Orcish Mines.
             The game lasted 01:20:12 (12723 turns).

issech the Basher (Troll Monk)                     Turns: 12723, Time: 01:20:13

Health: -9/106     AC: 11    Str: 33    XL:     12   Next: 86%
Magic:  11/11      EV: 15    Int:  6    God:    Hepliaklqana [****..]
Gold:   822        SH: 18    Dex: 18    Spells: 11/11 levels left

rFire   x . .      SeeInvis .   p - +3 flail of the Pure Knives {freeze, rC++ Will+ Str-4 Stlth+}
rCold   + + +      Faith    .   G - +2 tower shield of Pathos {Contam Fly Str+7 Stlth+}
rNeg    + . .      Spirit   .   B - +2 troll leather armour {Pargi}
rPois   .          Reflect  .   g - +1 hat
rElec   .          Harm     .   M - +0 cloak
rCorr   .          Rampage  .   (gloves unavailable)
Will    +....                   (boots unavailable)
Stlth   +++++.....              f - amulet of regeneration
HPRegen 2.67/turn               n - +4 ring of evasion
MPRegen 0.12/turn               v - ring of Liberty {Ice rN+ Str+6}

@: flying
A: reduced essence, large, unfitting armour, claws 3, regeneration 1, shaggy fur
1, tough skin 1, agile 1, strong 1
a: Renounce Religion, Recall Ancestor, Ancestor Identity, Transference, Idealise


You were on level 2 of the Orcish Mines.
You worshipped Hepliaklqana.
Hepliaklqana was greatly pleased with you.
You visited 4 branches of the dungeon, and saw 15 of its levels.
You also visited: Sewer and Bailey.

You collected 822 gold pieces.

Inventory:

Hand Weapons
 i - the +4 rapier "Getecov" {vorpal, Will+ rCorr Str+3 Int-2}
   (You found it on level 10 of the Dungeon)

   It inflicts extra damage upon your enemies.
   Str:       It affects your strength (+3).
   Int:       It affects your intelligence (-2).
   rCorr:     It protects you from acid and corrosion.
   Will:      It increases your willpower.
 p - the +3 flail of the Pure Knives (weapon) {freeze, rC++ Will+ Str-4 Stlth+}
   (You took it off a goblin on level 2 of the Dungeon)

   It freezes those it strikes, dealing additional cold damage.
   It can also slow down cold-blooded creatures.
   Str:       It affects your strength (-4).
   rC:        It greatly protects you from cold.
   Will:      It increases your willpower.
   Stlth:     It makes you more stealthy.
 q - a +1 vorpal shortbow
 u - a +5 dire flail
 E - a +2 vampiric lajatang
 H - the +5 halberd of the Heavens {vorpal, Drain Int+5}
   (You found it on level 7 of the Dungeon)

   It inflicts extra damage upon your enemies.
   Int:       It affects your intelligence (+5).
   Drain:     It drains your maximum health when unequipped.
 I - a +2 hunting sling of freezing
 Z - a +8 flail of protection
Missiles
 a - 2 boomerangs
 d - 184 bolts
 e - 192 arrows
 h - 261 stones
 t - 5 javelins
 C - 99 sling bullets
 N - 5 datura-tipped darts
 S - 2 large rocks (quivered)
Armour
 g - a +1 hat (worn)
 r - +0 steam dragon scales
 B - a +2 troll leather armour (worn) {Pargi}
 G - the +2 tower shield of Pathos (worn) {Contam Fly Str+7 Stlth+}
   (You acquired it on level 5 of the Dungeon)

   Str:       It affects your strength (+7).
   Fly:       It grants you flight.
   Contam:    It causes magical contamination when unequipped.
   Stlth:     It makes you more stealthy.
 J - +0 acid dragon scales
 M - a +0 cloak (worn)
Jewellery
 f - an amulet of regeneration (around neck)
 j - a +6 ring of intelligence
 n - a +4 ring of evasion (left claw)
 o - a ring of fire
 s - a ring of protection from cold
 v - the ring of Liberty (right claw) {Ice rN+ Str+6}
   (You found it on level 3 of the Dungeon)

   [ring of ice]

   It enhances your ice magic.
   Str:       It affects your strength (+6).
   rF:        It makes you vulnerable to fire.
   rC:        It protects you from cold.
   rN:        It protects you from negative energy.
 F - a ring of protection from cold
 K - a ring of flight
 R - a ring of resist corrosion
 T - an amulet of guardian spirit
 W - a +6 ring of dexterity
Wands
 D - a wand of digging (7)
 V - a wand of acid (13)
Scrolls
 w - a scroll of magic mapping
 O - a scroll of holy word
 Q - a scroll of fear
 X - a scroll of silence
 Y - 5 scrolls of teleportation
Potions
 b - 2 potions of resistance
 c - 7 potions of might
 k - 3 potions of heal wounds
 l - 2 potions of invisibility
 m - 4 potions of lignification
 x - 5 potions of cancellation
 z - 2 potions of haste
 A - 2 potions of mutation
 L - 3 potions of magic
 P - 2 potions of experience
 U - 2 potions of curing
Miscellaneous
 y - a phantom mirror


   Skills:
 + Level 7.6 Fighting
 + Level 11.9 Maces & Flails
 + Level 0.2 Throwing
 + Level 4.9 Armour
 + Level 7.5 Dodging
 + Level 4.0 Stealth
 + Level 8.8 Shields


You had 11 spell levels left.
You didn't know any spells.
Your spell library contained the following spells:

 Spells                   Type           Power      Damage    Failure   Level
 Corpse Rot               Necr/Air       0%         N/A       98%         2
 Ensorcelled Hibernation  Hex/Ice        0%         N/A       98%         2
 Sublimation of Blood     Necr           0%         N/A       98%         2
 Wereblood                Tmut           0%         N/A       98%         2
 Conjure Flame            Conj/Fire      0%         6-21      100%        3
 Dazzling Flash           Conj/Hex       0%         N/A       100%        3
 Frozen Ramparts          Ice            0%         1d2       100%        3
 Gell's Gravitas          Tloc           0%         N/A       100%        3
 Ignite Poison            Fire/Tmut/Pois 0%         N/A       100%        3
 Lesser Beckoning         Tloc           0%         N/A       100%        3
 Teleport Other           Tloc           0%         N/A       100%        3
 Tukima's Dance           Hex            0%         N/A       100%        3
 Anguish                  Hex/Necr       0%         N/A       100%        4
 Ice Form                 Ice/Tmut       0%         N/A       100%        4
 Iskenderun's Mystic Bla  Conj/Tloc      0%         2d3       100%        4
 Sticky Flame             Conj/Fire      0%         2d3       100%        4
 Summon Ice Beast         Ice/Summ       0%         N/A       100%        4
 Starburst                Conj/Fire      0%         6d3       100%        6
 Enfeeble                 Hex            0%         N/A       100%        7
 Summon Hydra             Summ           0%         N/A       100%        7
 Borgnjor's Revivificati  Necr           0%         N/A       100%        8


Dungeon Overview and Level Annotations

Branches:
Dungeon (11/15)            Temple (1/1) D:7            Lair (1/6) D:8
    Orc (2/2) D:11            Elf (0/3) Orc:2         Sewer (visited)
 Bailey (visited)

Altars:
Ashenzari
Cheibriados
Dithmenos
Elyvilon
Fedhas
Gozag
Hepliaklqana
Kikubaaqudgha
Makhleb
Nemelex Xobeh
Okawaru
Qazlal
Ru
Sif Muna
Trog
Uskayaw
Vehumet
Wu Jian
Xom
Yredelemnul
Zin
The Shining One
Beogh

Shops:
D:11 *!

Annotations:
Lair:1 Nergalle


Innate Abilities, Weirdness & Mutations

Your life essence is reduced to manifest your ancestor. (-10% HP)
You are too large for most types of armour.
You have claws for hands.
Your natural rate of healing is unusually fast.
You are covered in fur. (AC +1)
You have tough skin. (AC +1)
You are agile. (Dex +2)
Your muscles are strong. (Str +2)


Message History

The neqoxec gestures at you.
Something tries to feed on your intellect!
The orc priest calls down the wrath of Beogh upon you.
Pain shoots through your body!
You hear a shout! x2
You block the sixfirhy's attack.
The sixfirhy hits you but does no damage.
The sixfirhy hits you! The sixfirhy shocks you!
You block the sixfirhy's attack. The orc priest barely misses you.
The sixfirhy hits you. The sixfirhy shocks you!
You block the orc priest's attack.
The orc wizard mumbles some strange words.
The orc wizard flickers and vanishes!
The orc priest calls down the wrath of Beogh upon you.
Beogh smites you!
The orc priest casts a cantrip, but nothing happens.
The orc priest invokes the aid of Beogh against you.
Beogh smites you!
The orc priest mumbles some strange prayers to Beogh against you.
Beogh smites you!
* * * LOW HITPOINT WARNING * * *
The ynoxinul gestures.
You block the sixfirhy's attack.
The orc priest begins to cast a cantrip, but forgets the words!
You block the sixfirhy's attack. You block the sixfirhy's attack. x2
The orc high priest mumbles some strange prayers to Beogh against you.
Beogh smites you!
* * * LOW HITPOINT WARNING * * *
Okay, then.
Unknown command.
The orc priest casts a cantrip, but nothing happens.
The orc priest invokes the aid of Beogh against you.
Beogh smites you!
* * * LOW HITPOINT WARNING * * *
You hear a shout!
You block the sixfirhy's attack. The sixfirhy hits you!
* * * LOW HITPOINT WARNING * * *
The sixfirhy shocks you!
You die...

#....#.............##
###...#.#o3..{#..###
..#.###4oo5o.....####
...###.#.oo4......#.##
..###...oo.....#.....#
##.#......o...........#.
............#..........
..#.....3..............
###.....@)...).........
#.....[<......>.#.....
..........)......###.#.
..................# #
#................##
###...#.####....##
####### ######


You could see 2 orc high priests, an orange demon (summoned), a hellwing
(summoned), a sixfirhy (summoned), a neqoxec (summoned), an orc warrior, 6 orc
priests and an ufetubus (summoned).

Vanquished Creatures
  Saint Roka (Orc:2)
  Fannar (D:10)
  The ghost of mortz the Destroyer, a novice HuCj of Vehumet (D:7)
  Urug (D:11)
  The ghost of Jase the Fighter, a novice MiFi of Trog (D:5)
  Pikel (D:6)
  The ghost of Esekla the Magician, a novice BaEE of Ashenzari (D:5)
  An ugly thing (D:10)
  A gargoyle (D:10)
  A cane toad (D:8)
  The ghost of Quinzaine the Conjurer, a novice HuCj of Okawaru (D:4)
  An unseen horror (D:10)
  The ghost of js333 the Conjurer, a novice DECj (D:5)
  4 trolls
  2 shadows
  13 yaks
  2 wraiths
  2 steam dragons (D:8)
  A wyvern (D:8)
  3 vampire mosquitoes
  Eustachio (D:4)
  Menkaure (D:7)
  Edmund (D:6)
  4 acid dragons
  4 water moccasins
  Duvessa (D:7)
  6 orc warriors
  Pargi (Sewer)
  A sky beast (D:8)
  5 black bears
  8 centaurs
  2 necrophages
  3 ogres
  A phantom (D:4)
  A kobold brigand (D:8)
  6 bullfrogs
  3 gnoll sergeants (D:10)
  3 scorpions
  Dowan (D:7)
  A water moccasin skeleton (D:5)
  4 killer bees
  5 wights (D:7)
  A howler monkey (D:10)
  A bullfrog zombie (D:6)
  3 centaur zombies
  6 orc priests
  3 hounds
  A jelly (D:5)
  A gnoll shaman (D:6)
  A centaur skeleton (D:6)
  3 iguanas
  10 orc wizards
  3 howler monkey zombies
  18 gnolls
  2 river rats (D:3)
  5 adders
  2 shadow imps
  An adder skeleton (D:4)
  2 worms
  A dart slug (D:1)
  40 orcs
  3 endoplasms
  6 giant cockroaches
  6 goblins
  8 hobgoblins
  8 jackals
  10 kobolds
  3 quokkas
  11 ball pythons
  7 frilled lizards
  A rat (D:2)
270 creatures vanquished.

Vanquished Creatures (collateral kills)
  A hydra (D:9)
  A boulder beetle (D:10)
  2 death knights (D:10)
  2 two-headed ogres (D:10)
  A cyclops (D:11)
  A manticore (D:10)
  A centaur zombie (D:10)
  A komodo dragon (D:11)
  A slime creature (D:10)
  A spriggan (D:10)
  A wyvern (D:10)
  10 yaks
  2 vampire mosquitoes
  2 acid dragons
  An orc warrior (Orc:2)
  2 ogres
  A bullfrog (D:9)
  5 wights (D:9)
  A bullfrog zombie (D:7)
  3 orc priests
  2 orc wizards
  2 gnolls (D:10)
  4 orcs
48 creatures vanquished.

Vanquished Creatures (others)
  5 battlemagi
  19 fungi (D:8)
  38 plants
62 creatures vanquished.

Grand Total: 380 creatures vanquished

Notes
Turn   | Place    | Note
-------+----------+-------------------------------------------
     0 | D:1      | issech the Troll Monk began the quest for the Orb.
     0 | D:1      | Reached XP level 1. HP: 22/22 MP: 0/0
   367 | D:1      | Reached XP level 2. HP: 29/29 MP: 1/1
   374 | D:1      | Reached skill level 3 in Maces & Flails
   888 | D:2      | Found a sparkling altar of Nemelex Xobeh.
   959 | D:2      | Reached XP level 3. HP: 36/36 MP: 2/2
  1099 | D:2      | Identified the +3 flail of the Pure Knives {freeze, rC++
                  | Will+ Str-4 Stlth+}
  1329 | D:2      | Found a faded altar of an unknown god.
  1676 | D:3      | Identified the ring of Liberty {Ice rN+ Str+6}
  1693 | D:3      | Found a shimmering blue altar of Sif Muna.
  1769 | D:3      | Found a glowing drain.
  1780 | Sewer    | Entered a sewer
  1868 | Sewer    | Noticed Pargi
  1883 | Sewer    | Killed Pargi
  1884 | Sewer    | Reached skill level 4 in Maces & Flails
  1884 | Sewer    | Reached XP level 4. HP: 32/45 MP: 3/3
  1884 | Sewer    | Reached XP level 5. HP: 38/53 MP: 4/4
  2467 | D:4      | Noticed Eustachio
  2510 | D:4      | Killed Eustachio
  2511 | D:4      | Reached XP level 6. HP: 59/61 MP: 5/5
  2547 | D:4      | Found a runed translucent gate.
  2548 | D:4      | Found a runed translucent gate.
  2549 | D:4      | Found a runed translucent gate.
  2549 | D:4      | Noticed Quinzaine's ghost (novice HuCj)
  2831 | D:4      | Reached skill level 1 in Armour
  2842 | D:4      | Reached skill level 5 in Maces & Flails
  2997 | D:4      | Reached XP level 7. HP: 67/67 MP: 6/6
  3423 | D:4      | Killed Quinzaine's ghost
  3424 | D:4      | Reached skill level 6 in Maces & Flails
  3525 | D:5      | Entered Level 5 of the Dungeon
  3612 | D:5      | Reached XP level 8. HP: 77/78 MP: 7/7
  3658 | D:5      | Identified a scroll of acquirement
  4321 | D:5      | Acquired the +2 tower shield of Pathos {Contam Fly Str+7
                  | Stlth+}
  4424 | D:6      | Reached skill level 7 in Maces & Flails
  4467 | D:6      | Found a runed translucent gate.
  4467 | D:6      | Found a runed translucent gate.
  4467 | D:6      | Found a runed translucent gate.
  4474 | D:6      | Noticed Esekla's ghost (novice BaEE)
  4474 | D:6      | Noticed Jase's ghost (novice MiFi)
  4475 | D:6      | Noticed js333's ghost (novice DECj)
  4569 | D:6      | Noticed Pikel
  4606 | D:6      | Killed Pikel
  4607 | D:6      | Reached skill level 1 in Shields
  4607 | D:6      | Reached XP level 9. HP: 85/85 MP: 8/8
  4951 | D:6      | Identified the +6 ring mail of Carved Fun {rPois}
  5043 | D:6      | Noticed Edmund
  5058 | D:6      | Killed Edmund
  5378 | D:5      | Killed Jase's ghost
  5379 | D:5      | Reached skill level 5 in Fighting
  5379 | D:5      | Reached skill level 8 in Maces & Flails
  5379 | D:5      | Reached skill level 5 in Dodging
  5400 | D:5      | Killed js333's ghost
  5410 | D:5      | Killed Esekla's ghost
  5563 | D:7      | You are sucked into a shaft and drop 2 floors!
  5716 | D:8      | Reached XP level 10. HP: 96/96 MP: 9/9
  5764 | D:8      | Found a staircase to the Lair.
  5829 | D:8      | Reached skill level 9 in Maces & Flails
  5848 | D:8      | Reached skill level 5 in Shields
  6107 | D:7      | Found a flagged portal.
  6133 | D:7      | Identified the +5 halberd of the Heavens {vorpal, Drain
                  | Int+5}
  6144 | Bailey   | Entered a bailey
  6747 | D:7      | Noticed Menkaure
  6754 | D:7      | Killed Menkaure
  6777 | D:7      | Noticed Dowan
  6780 | D:7      | Noticed Duvessa
  6791 | D:7      | Killed Dowan
  6796 | D:7      | Killed Duvessa
  7038 | D:7      | Found a staircase to the Ecumenical Temple.
  7042 | Temple   | Entered the Ecumenical Temple
  7157 | Temple   | Became a worshipper of Hepliaklqana the Forgotten
  7157 | Temple   | Reached * piety under Hepliaklqana
  7157 | Temple   | Reached ** piety under Hepliaklqana
  7158 | Temple   | Remembered your ancestor Cenhelm as a battlemage
  7329 | D:7      | Found a runed translucent door.
  7332 | D:7      | Noticed mortz's ghost (novice HuCj)
  7343 | D:7      | Killed mortz's ghost
  8630 | Lair:1   | Entered Level 1 of the Lair of Beasts
  8635 | Lair:1   | Noticed Nergalle
  8636 | Lair:1   | Noticed a cane toad
  8647 | Lair:1   | Noticed a spectral orc warlord
  8660 | D:8      | Killed a cane toad
  8847 | D:9      | Reached XP level 11. HP: 90/94 MP: 10/10
  9313 | D:9      | Reached *** piety under Hepliaklqana
  9649 | D:10     | Entered Level 10 of the Dungeon
  9670 | D:10     | Noticed Fannar
  9683 | D:10     | Killed Fannar
  9684 | D:10     | Reached skill level 10 in Maces & Flails
  9709 | D:10     | Noticed a death knight
  9728 | D:10     | Killed a death knight
  9846 | D:10     | Noticed a death knight
 10071 | D:10     | Noticed a two-headed ogre
 10074 | D:10     | Noticed a seven-headed hydra
 10079 | D:10     | Killed a two-headed ogre
 10163 | D:9      | Killed a seven-headed hydra
 10491 | D:10     | Noticed a boulder beetle
 10510 | D:10     | Killed a boulder beetle
 10517 | D:10     | Reached XP level 12. HP: 98/106 MP: 9/11
 10694 | D:10     | Noticed a two-headed ogre
 10711 | D:10     | Killed a two-headed ogre
 10726 | D:10     | Killed a death knight
 10817 | D:10     | Reached skill level 11 in Maces & Flails
 10831 | D:10     | Got Sif Muna's Tome of the Frostbite and Dark Rites
 10832 | D:10     | Identified the +4 rapier "Getecov" {vorpal, Will+ rCorr
                  | Str+3 Int-2}
 11492 | D:11     | Found Vojatidd's Fire Supplies.
 11522 | D:11     | Found a staircase to the Orcish Mines.
 11740 | D:11     | Noticed Urug
 11754 | D:11     | Killed Urug
 11771 | D:11     | Gained mutation: Your muscles are strong. (Str +2) [potion
                  | of mutation]
 11771 | D:11     | Gained mutation: You are agile. (Dex +2) [potion of
                  | mutation]
 12143 | D:11     | Found Ynimeh's Distillery.
 12404 | Orc:1    | Entered Level 1 of the Orcish Mines
 12437 | Orc:2    | Entered Level 2 of the Orcish Mines
 12437 | Orc:2    | Noticed Saint Roka
 12437 | Orc:2    | Found a staircase to the Elven Halls.
 12605 | Orc:2    | Killed Saint Roka
 12698 | Orc:2    | Reached **** piety under Hepliaklqana
 12701 | Orc:2    | Noticed an orc high priest
 12706 | Orc:2    | Noticed an orc high priest
 12721 | Orc:2    | HP: 5/106 [orc priest/divine providence (12)]
 12723 | Orc:2    | HP: 1/106 [sixfirhy[an orc high priest] (9)]
 12723 | Orc:2    | Mangled by a sixfirhy

Illustrated notes

Levels and vault maps discovered:
D:1:      amcnicky_arrival_blooded_trapdoor, layout_basic
D:2:      layout_basic, basic_altar, shapermc_ecumenical_altar_pompeii,
          minmay_unequal
D:3:      layout_basic, mainiacjoe_overflow_small_starburst,
          portal_sewer_entry_a, minivault_26
D:4:      layout_loops_cross, biasface_ghost_orc_armoury, uniq_eustachio
D:5:      layout_basic, serial_bayou_lagoon_a, minmay_chambers_of_fives
D:6:      layout_basic, gammafunk_ghost_cemetery, uniq_pikel, uniq_edmund
D:7:      layout_basic, temple_hall_moat, enter_bailey_2,
          ebering_ghost_reflecting_pool, uniq_duvessa, uniq_menkaure
D:8:      layout_loops_corners, due_lair_maze_entry_diamond
D:9:      layout_long_grid
D:10:     minmay_the_grid_octo_tiled_squarecenter
          [minmay_the_grid_octo_fat_diamond, minmay_the_grid_octo_focus,
          minmay_the_grid_octo_tetromino_candy, minmay_the_grid_octo_concentric,
          minmay_the_grid_square_5x5_megaprize_checkered,
          minmay_the_grid_square_5x5_shuriken, minmay_the_grid_square_5x5_slash,
          minmay_the_grid_square_5x5_minibox,
          minmay_the_grid_square_5x5_spiral], layout_cave_pods, the_hattery,
          uniq_fannar
D:11:     layout_basic, orc_0_dummy, serial_shops, shop, nicolae_shop_fire_sale
          [nicolae_sub_dead_trees], uniq_urug
Temple:   kilobyte_greek_temple
Lair:1:   beast_lair_carwin_large_2, layout_regular_city, lemuel_fruit_tree,
          serial_bayou_shore_b, uniq_nergalle, uniq_joseph
Orc:1:    layout_diamond_mine, basic_altar, serial_shops, shop
Orc:2:    st_orc_mages, layout_caves, serial_shops, shop, uniq_saint_roka,
          uniq_erolcha

Skill      XL: |  1  2  3  4  5  6  7  8  9 10 11 12 |
---------------+-------------------------------------+-----
Maces & Flails | 3 4 5 6 7 8 9 10 11 | 11.9
Fighting       | 3 4 5 6 7 |  7.6
Dodging        | 3 4 5 6 7 |  7.5
Armour         | 1 2 3 4 |  4.9
Stealth        | 2 3 4 |  4.0
Shields        | 1 4 6 7 8 |  8.8
Throwing       | |  0.2

Action                   |  1- 3 |  4- 6 |  7- 9 | 10-12 || total
-------------------------+-------+-------+-------+-------++-------
Melee: Mace              |    68 |       |       |       ||    68
       Flail             |    46 |    88 |   284 |   584 ||  1002
       Punch             |     2 |     1 |     3 |       ||     6
Throw: Large rock        |       |       |       |     2 ||     2
Invok: Ancestor Life: Ba |       |       |       |     1 ||     1
  Use: Scroll            |       |       |    10 |    17 ||    27
       Potion            |       |       |       |     7 ||     7
 Stab: Sleeping          |     1 |     2 |     2 |    21 ||    26
       Distracted        |       |       |       |     7 ||     7
Armor: Robe              |    47 |       |       |       ||    47
       Troll leather arm |       |    42 |    75 |   124 ||   241
Dodge: Dodged            |   102 |    80 |   137 |   241 ||   560
Block: Tower shield      |       |       |   169 |   534 ||   703
